Map: [ESL] Cosmic Sapphire

Players

Krystianer

  • Race: Protoss Protoss
  • Spawn Location: 5:00

GunGFuBanDa - Winner!

  • Race: Protoss Protoss
  • Spawn Location: 11:00

Event: DreamHack SC2 Masters 2022 Atlanta (Online)

VOD

Have the link to the VOD?

Description

Time

  • Played on: Oct. 13, 2022, 1:03 p.m.
  • Length: 17:42

All games in this series

Show
View Real Time Build Order
Export as new Build Order

Krystianer Protoss 

Build Orders: Oracle Opening 

Get SALT Encoding   

  12  0:00  Probe  
  13  0:12  Probe  
  14  0:16  Pylon  
  14  0:24  Probe (Chrono Boost)  
  16  0:36  Probe (Chrono Boost)  
  16  0:37  Gateway  
  16  0:43  Probe (Chrono Boost)  
  16  0:45  Assimilator  
  17  0:50  Probe  
  17  0:56  Assimilator  
  18  1:03  Probe (Chrono Boost)  
  19  1:07  Gateway  
  20  1:12  Probe (Chrono Boost)  
  20  1:17  Probe (Chrono Boost)  
  20  1:24  Cybernetics Core  
  21  1:29  Probe  
  22  1:37  Pylon  
  22  1:41  Probe  
  23  1:52  Pylon  
  23  1:55  Probe  
  23  2:00  Adept x2  
  28  2:02  Warp Gate  
  28  2:07  Probe  
  29  2:14  Pylon  
  29  2:23  Stargate  
  29  2:30  Adept  
  29  2:35  Adept  
  33  2:42  Probe  
  34  2:56  Probe  
  35  3:07  Nexus  
  35  3:11  Oracle (Chrono Boost)  
  38  3:20  Pylon  
  38  3:23  Probe  
  39  3:31  Shield Battery  
  39  3:39  Oracle (Chrono Boost)  
  42  3:43  Probe  
  43  3:52  Twilight Council  
  41  3:58  Probe  
  42  4:04  Stalker x2  
  46  4:10  Probe  
  45  4:22  Shield Battery, Probe  
  46  4:31  Stalker x2  
  46  4:33  Probe (Chrono Boost)  
  46  4:37  Probe (Chrono Boost), Blink (Chrono Boost)  
  50  4:49  Probe (Chrono Boost)  
  50  4:51  Probe (Chrono Boost)  
  50  4:53  Probe (Chrono Boost)  
  50  4:56  Stalker  
  50  4:59  Probe  
  54  5:03  Probe  
  54  5:04  Pylon  
  55  5:08  Stalker  
  55  5:11  Probe  
  58  5:21  Nexus  
  58  5:24  Probe  
  60  5:31  Stalker x2  
  63  5:39  Probe x2  
  63  5:42  Pylon  
  65  5:46  Robotics Facility  
  65  5:48  Assimilator  
  65  5:51  Probe  
  67  5:57  Stalker  
  67  5:59  Stalker  
  67  6:02  Pylon  
  67  6:04  Probe  
  71  6:10  Probe  
  72  6:13  Gateway  
  72  6:16  Probe  
  72  6:18  Shield Battery  
  73  6:22  Stalker x2  
  73  6:25  Forge  
  77  6:31  Probe (Chrono Boost)  
  77  6:32  Probe (Chrono Boost)  
  79  6:33  Probe (Chrono Boost)  
  80  6:41  Charge  
  80  6:43  Probe x2 (Chrono Boost)  
  80  6:46  Probe (Chrono Boost)  
  83  6:47  Stalker x2  
  83  6:48  Probe (Chrono Boost)  
  83  6:49  Probe (Chrono Boost)  
  83  6:52  Probe  
  90  6:54  Protoss Ground Weapons Level 1 (Chrono Boost)  
  90  7:00  Gateway  
  90  7:01  Probe  
  91  7:02  Probe  
  91  7:06  Probe  
  93  7:13  Probe  
  94  7:16  Stalker x3  
  94  7:21  Gateway x2  
  100  7:22  Gateway  
  100  7:25  Pylon  
  100  7:30  Probe  
  100  7:34  Pylon  
  101  7:40  Probe  
  101  7:41  Nexus  
  100  7:45  Pylon  
  100  7:51  Adept x2  
  102  7:52  Stalker  
  102  7:54  Probe  
  107  7:58  Stalker  
  107  8:01  Probe  
  107  8:04  Pylon  
  111  8:06  Warp Prism, Pylon x2  
  111  8:10  Photon Cannon  
  113  8:14  Photon Cannon  
  113  8:15  Probe  
  113  8:17  Probe  
  114  8:21  Pylon  
  114  8:25  Zealot x2  
  118  8:32  Zealot x3  
  118  8:43  Zealot x2  
  122  8:50  Stalker x2  
  122  8:51  Pylon  
  122  8:52  Protoss Ground Weapons Level 2 (Chrono Boost)  
  122  8:54  Gateway  
  124  9:00  Zealot x3  
  130  9:04  Zealot x2  
  134  9:15  Stalker x2  
  138  9:19  Probe  
  138  9:20  Zealot x3  
  138  9:21  Probe  
  146  9:28  Stalker x2  
  146  9:44  Zealot x5  
  146  9:45  Probe  
  153  9:46  Probe  
  153  9:48  Probe  
  153  9:50  Probe  
  153  9:52  Zealot x3  
  158  9:54  Warp Prism (Chrono Boost)  
  164  10:01  Pylon  
  164  10:03  Probe, Pylon  
  164  10:04  Stargate  
  164  10:07  Zealot x5  
  175  10:20  Nexus  
  165  10:32  Stalker x8  
  179  10:40  Probe  
  124  10:54  Gateway  
  124  10:55  Zealot x8, Warp Prism (Chrono Boost)  
  133  11:02  Probe x2, Pylon  
  137  11:07  Gateway  
  137  11:10  Gateway  
  137  11:17  Zealot x8  
  153  11:21  Protoss Ground Armor Level 1  
  151  11:47  Zealot x8  
  125  11:48  Probe  
  125  11:51  Probe  
  122  11:56  Phoenix x2 (Chrono Boost)  
  122  12:01  Probe x3  
  128  12:04  Photon Cannon  
  129  12:08  Stalker x9  
  129  12:09  Stalker x2  
  129  12:12  Phoenix x2 (Chrono Boost)  
  129  12:14  Probe  
  156  12:19  Photon Cannon  
  156  12:20  Shield Battery  
  154  12:34  Phoenix x2 (Chrono Boost)  
  154  12:35  Zealot x8  
  174  12:39  Assimilator  
  174  12:40  Shield Battery  
  174  12:43  Zealot x3  
  180  12:56  Zealot x8  
  192  13:01  Warp Prism (Chrono Boost)  
  183  13:09  Stalker x3  
  147  13:27  Zealot x8  
  147  13:33  Zealot x3  
  105  13:49  Stalker x7  
  105  13:50  Stalker  
  105  13:54  Zealot x3  
  117  13:56  Probe  
  117  14:02  Probe  
  119  14:09  Protoss Ground Armor Level 2 (Chrono Boost)  
  117  14:10  Nexus  
  117  14:13  Zealot x3  
  117  14:14  Zealot x8  
  139  14:18  Pylon  
  139  14:19  Probe  
  140  14:35  Probe  
  141  14:39  Zealot x4, Stalker x7  
  163  14:47  Probe  
  163  15:03  Zealot x11  
  163  15:05  Assimilator  
  183  15:07  Phoenix x2 (Chrono Boost)  
  185  15:20  Probe  
  172  15:23  Oracle  
  172  15:24  Observer (Chrono Boost)  
  172  15:27  Zealot x11  
  189  15:28  Photon Cannon  
  149  15:48  Zealot x11  
  135  16:11  Zealot x10  
  135  16:15  Zealot  
  135  16:17  Probe x2  
  135  16:18  Probe  
  105  16:32  Zealot x10  
  113  16:53  Stalker x5  
  123  16:55  Nexus  
  121  17:02  Observer (Chrono Boost)  
  121  17:05  Stalker x6  
  133  17:12  Phoenix  
  135  17:20  Zealot x5  
  123  17:30  Zealot x2  
Show
View Real Time Build Order
Export as new Build Order

GunGFuBanDa Protoss - Winner!

Build Orders:  

Get SALT Encoding   

  12  0:00  Probe  
  13  0:12  Probe  
  14  0:17  Pylon  
  14  0:24  Probe (Chrono Boost)  
  16  0:36  Gateway, Probe (Chrono Boost)  
  16  0:43  Probe (Chrono Boost)  
  16  0:46  Assimilator  
  17  0:50  Probe  
  17  0:54  Assimilator  
  18  1:03  Probe (Chrono Boost)  
  19  1:06  Gateway  
  20  1:12  Probe (Chrono Boost)  
  20  1:17  Probe (Chrono Boost)  
  20  1:23  Cybernetics Core  
  21  1:29  Probe  
  22  1:34  Pylon  
  22  1:41  Probe  
  23  1:53  Probe  
  24  1:59  Stalker  
  24  2:00  Warp Gate, Sentry  
  28  2:05  Probe  
  29  2:13  Pylon  
  29  2:17  Probe  
  30  2:32  Pylon  
  29  2:47  Nexus  
  29  2:54  Stalker  
  31  3:01  Stalker  
  33  3:08  Shield Battery  
  33  3:13  Probe  
  34  3:23  Shield Battery  
  34  3:25  Probe  
  35  3:37  Probe  
  35  3:38  Shield Battery  
  35  3:40  Pylon  
  36  3:45  Cybernetics Core  
  35  3:49  Stalker  
  35  3:53  Probe (Chrono Boost)  
  38  3:59  Twilight Council  
  38  4:00  Stalker  
  40  4:05  Probe (Chrono Boost)  
  41  4:12  Probe (Chrono Boost)  
  41  4:13  Probe (Chrono Boost)  
  43  4:20  Stalker  
  43  4:23  Probe (Chrono Boost)  
  46  4:28  Probe (Chrono Boost)  
  47  4:35  Probe (Chrono Boost), Blink (Chrono Boost)  
  49  4:40  Probe (Chrono Boost)  
  49  4:43  Probe (Chrono Boost)  
  50  4:48  Probe  
  50  4:50  Sentry, Probe  
  54  4:57  Robotics Facility  
  54  5:00  Probe  
  54  5:03  Probe  
  54  5:05  Stalker  
  58  5:09  Pylon  
  58  5:12  Probe  
  58  5:17  Probe  
  59  5:23  Stalker  
  59  5:24  Probe  
  62  5:30  Nexus  
  61  5:41  Probe (Chrono Boost)  
  60  5:47  Shield Battery  
  60  5:48  Probe (Chrono Boost)  
  60  5:49  Observer  
  62  5:50  Probe (Chrono Boost)  
  62  5:55  Probe x2 (Chrono Boost)  
  63  5:58  Stalker x2  
  63  6:00  Pylon  
  68  6:06  Probe  
  68  6:07  Probe  
  70  6:15  Assimilator  
  71  6:18  Probe (Chrono Boost)  
  71  6:23  Probe (Chrono Boost), Stalker x2  
  76  6:30  Probe (Chrono Boost)  
  78  6:35  Probe (Chrono Boost), Pylon  
  78  6:38  Immortal (Chrono Boost)  
  78  6:39  Probe  
  78  6:42  Probe  
  78  6:44  Probe  
  78  6:46  Stalker  
  78  6:47  Stalker  
  89  6:52  Probe  
  90  6:54  Probe  
  90  6:55  Pylon  
  90  6:56  Probe  
  90  6:58  Forge  
  92  7:04  Probe  
  92  7:06  Probe  
  92  7:07  Shield Battery  
  92  7:08  Probe  
  94  7:18  Probe  
  94  7:19  Protoss Ground Weapons Level 1 (Chrono Boost), Probe  
  94  7:20  Stalker x2  
  100  7:23  Pylon  
  100  7:24  Assimilator  
  100  7:27  Pylon  
  100  7:31  Pylon  
  98  7:40  Probe x2  
  98  7:41  Probe  
  98  7:43  Photon Cannon  
  102  7:44  Observer  
  102  7:45  Stalker x2  
  102  7:49  Gateway  
  102  7:51  Gateway  
  106  7:54  Robotics Bay  
  106  8:01  Photon Cannon  
  106  8:05  Pylon  
  106  8:08  Stalker x2  
  106  8:09  Robotics Bay  
  110  8:17  Pylon  
  110  8:22  Immortal (Chrono Boost)  
  110  8:23  Pylon  
  114  8:32  Stalker x2  
  117  8:46  Pylon x2  
  117  8:52  Photon Cannon  
  117  8:54  Pylon  
  117  8:56  Assimilator  
  117  8:58  Disruptor (Chrono Boost)  
  120  9:06  Stalker x4  
  120  9:08  Assimilator  
  126  9:12  Photon Cannon  
  126  9:24  Disruptor (Chrono Boost)  
  126  9:30  Stalker x4  
  137  9:49  Observer  
  137  9:50  Observer  
  137  9:52  Disruptor  
  137  9:55  Protoss Ground Weapons Level 2 (Chrono Boost), Pylon  
  140  10:00  Stalker x3, Pylon  
  140  10:04  Gateway  
  140  10:05  Gateway  
  146  10:17  Nexus  
  138  10:31  Disruptor (Chrono Boost)  
  138  10:34  Stalker x4  
  118  10:51  Probe x2  
  118  10:53  Pylon  
  116  10:58  Probe  
  116  10:59  Stalker x6  
  129  11:04  Disruptor (Chrono Boost)  
  130  11:13  Observer  
  130  11:15  Shield Battery  
  130  11:17  Photon Cannon  
  130  11:18  Photon Cannon  
  130  11:19  Pylon  
  130  11:26  Shield Battery  
  130  11:27  Stalker x5  
  130  11:32  Disruptor (Chrono Boost)  
  143  11:40  Shield Battery  
  131  11:57  Probe (Chrono Boost)  
  131  11:58  Charge  
  131  11:59  Photon Cannon  
  135  12:01  Probe (Chrono Boost)  
  135  12:02  Probe (Chrono Boost)  
  135  12:03  Probe (Chrono Boost)  
  135  12:04  Stalker x6  
  135  12:08  Probe (Chrono Boost)  
  148  12:11  Probe x2 (Chrono Boost)  
  148  12:12  Disruptor  
  148  12:15  Protoss Ground Weapons Level 3 (Chrono Boost)  
  151  12:30  Probe  
  151  12:31  Pylon  
  151  12:32  Probe x2, Pylon  
  154  12:37  Dark Shrine  
  154  12:41  Stalker x3  
  154  12:42  Stalker  
  142  13:08  Stalker x6  
  142  13:11  Assimilator  
  150  13:14  Assimilator  
  150  13:17  Probe  
  150  13:19  Probe  
  152  13:24  Probe  
  152  13:26  Probe  
  148  13:29  Probe  
  145  13:36  Stalker x6  
  145  13:40  Probe  
  150  13:41  Disruptor (Chrono Boost)  
  150  13:42  Probe  
  142  13:58  Probe x2  
  142  14:01  Photon Cannon  
  144  14:05  Stalker x6  
  156  14:13  Shadow Stride (Chrono Boost)  
  156  14:14  Disruptor (Chrono Boost)  
  156  14:16  Nexus, Gateway  
  159  14:17  Pylon  
  159  14:18  Gateway  
  159  14:26  Observer  
  159  14:29  Stalker x5  
  168  14:33  Stalker  
  170  14:42  Disruptor, Probe x2  
  170  14:44  Protoss Shields Level 1  
  175  14:48  Shield Battery  
  175  14:51  Photon Cannon  
  175  14:59  Stalker x4  
  183  15:04  Dark Templar x2  
  187  15:11  Pylon  
  183  15:23  Disruptor (Chrono Boost)  
  183  15:25  Stalker  
  183  15:26  Stalker x5  
  188  15:47  Probe  
  188  15:48  Probe x2  
  188  15:49  Probe x2  
  193  15:52  Disruptor  
  196  15:58  Unknown  
  196  15:59  Probe  
  180  16:16  Stalker x5  
  180  16:17  Stalker x3  
  181  16:25  Disruptor (Chrono Boost)  
  161  16:37  Probe  
  162  16:40  Dark Templar x7  
  162  16:46  Photon Cannon  
  176  16:47  Pylon  
  176  16:52  Gravitic Boosters (Chrono Boost)  
  176  16:53  Disruptor  
  176  16:59  Nexus  
  176  17:01  Pylon  
  179  17:19  Zealot x8  
  179  17:22  Photon Cannon  
  193  17:23  Photon Cannon  
  193  17:25  Shield Battery  
Tags
 
Add a new tag
Caveats
  • Supply blocks, unpowered buildings, or Contaminate may cause inaccurate times.
  • Supply counts are checked every 10 seconds.